 Dungeon Crawl Stone Soup version bcrawl-1.41.1 (webtiles) character file.

Game seed: 6742881264633255589

15930809 TheWayOfAllFlesh the Intangible (level 27, 238/238 HPs)
             Began as a Merfolk Gladiator on Apr 23, 2024.
             Was the Champion of Okawaru.
             Escaped with the Orb
             ... and 3 runes on Apr 24, 2024!
             The game lasted 04:07:23 (61598 turns).

TheWayOfAllFlesh the Intangible (MfGl)             Turns: 61598, Time: 04:07:23

Health: 238/238    AC: 25    Str: 17    XL:     27
Magic:  32/32      EV: 48    Int:  7    God:    Okawaru [******]
Gold:   5845       SH: 30    Dex: 45    Spells: 26/26 levels left

rFire    + + +     GDR:     54% a - +18 lance "Wyrmbane" {slay drac, rPois rF+ rC+}
rCold    + + .     SeeInvis +   Q - +7 large shield of Entitlement {+Inv Dex+3}
rNeg     + . .     Gourm    .   A - +4 faerie dragon scales {rPois Regen+ rCorr Dex+3 SInv}
rPois    +         Faith    .   (helmet restricted)
rElec    +         Spirit   .   o - scarf {rC+ rF+}
rCorr    +         Reflect  .   i - +2 pair of gloves {Dex+3}
MR       +++..     Clarity  +   c - +2 pair of boots {run}
Stlth    +.........             q - amulet of the acrobat
HPRegen  0.89/turn              K - ring of Raeshod {rElec rF+ rN+}
MPRegen  0.23/turn              D - ring of Dofib {MR+ AC+3 Str+4 Dex+4}

@: hasted, studying 2 skills, very quick
A: change form in water, swift swim, stealthy swim, horns 1, clarity, weak 1
0: Orb of Zot
}: 3/15 runes: decaying, silver, gossamer
a: Heroism, Finesse, Renounce Religion, Evoke Invisibility


You escaped.
You worshipped Okawaru.
Okawaru was exalted by your worship.
You were not hungry.

You visited 10 branches of the dungeon, and saw 42 of its levels.
You visited 1 bazaar.
You also visited: Trove, Sewer, Ossuary, Bailey, Ice Cave and Volcano.

You collected 8612 gold pieces.
You spent 2767 gold pieces at shops.

Inventory:

Hand Weapons
 a - the +18 lance "Wyrmbane" (weapon) {slay drac, rPois rF+ rC+}
   (You found it in an ice cave)

   It protects you from fire.
   It protects you from cold.
   It protects you from poison.
 b - a +9 demon trident of electrocution
Missiles
 d - 2 throwing nets (quivered) {=f}
Armour
 c - a +2 pair of boots of running (worn)
 i - a +2 pair of gloves of dexterity (worn)
 o - a scarf of resistance (worn)
 A - the +4 faerie dragon scales (worn) {rPois Regen+ rCorr Dex+3 SInv}
   (You took it off the Enchantress on level 3 of the Spriggan Forest)

   It affects your dexterity (+3).
   It protects you from poison.
   It lets you see invisible.
   It increases your rate of regeneration.
   It provides partial protection from all sources of acid and corrosion.
 Q - the +7 large shield of Entitlement (worn) {+Inv Dex+3}
   (Okawaru gifted it to you on level 3 of the Depths)

   It affects your dexterity (+3).
   It lets you turn invisible.
 Y - a +2 helmet of intelligence
Jewellery
 q - an amulet of the acrobat (around neck)
 y - a +4 ring of protection
 D - the ring of Dofib (right hand) {MR+ AC+3 Str+4 Dex+4}
   (You took it off a frost giant on level 1 of the Depths)

   [ring of protection]

   It affects your AC (+3).
   It affects your strength (+4).
   It affects your dexterity (+4).
   It affects your resistance to hostile enchantments.
 K - the ring of Raeshod (left hand) {rElec rF+ rN+}
   (You found it on level 1 of the Depths)

   [ring of protection from fire]

   It protects you from fire.
   It insulates you from electricity.
   It protects you from negative energy.
 Z - the ring of Otuiroj {rElec SInv}
   (You took it off a spriggan defender on level 3 of the Spriggan Forest)

   [ring of insulation]

   It insulates you from electricity.
   It lets you see invisible.
Wands
 w - a wand of clouds (12)
 z - a wand of acid (21)
 L - a wand of iceblast (17)
 O - a wand of digging (10)
 P - a wand of charming (9)
 U - a wand of paralysis (55)
Scrolls
 g - 8 scrolls of fear
 j - 5 scrolls of blinking
 l - 4 scrolls of immolation
 n - 6 scrolls of revelation
 t - 13 scrolls of teleportation
 B - a scroll of summoning
 M - a scroll of silence
 N - 7 scrolls of fog
Potions
 f - 18 potions of heal wounds
 h - 4 potions of ambrosia
 m - 17 potions of curing
 r - 5 potions of haste
 s - 9 potions of berserk rage
 u - 8 potions of lignification
 v - 8 potions of cancellation
 x - 13 potions of brilliance
 C - 6 potions of invisibility
 E - 11 potions of mutation
 G - 4 potions of might
 H - 6 potions of agility
 T - 2 potions of resistance
 W - 5 potions of magic
Miscellaneous
 k - a phantom mirror
 p - a lamp of fire
 F - a phial of floods
 J - a fan of gales (2/2)
 R - a lightning rod (4/4)
 X - a sack of spiders
Comestibles
 e - 91 rations {!d}


   Skills:
 + Level 24.2 Fighting
 - Level 23.1 Polearms
 - Level 2.0 Throwing
 * Level 16.7 Armour
 O Level 27 Dodging
 + Level 17.9 Shields
 - Level 12.0 Invocations
 + Level 11.4 Evocations


You had 26 spell levels left.
You didn't know any spells.
Your spell library contained the following spells:

 Spells                   Type           Power        Failure   Level  Hunger
 Throw Frost              Conj/Ice       #.....       99%         2    ####...
 Apportation              Tloc           #.....       100%        1    None
 Corona                   Hex            #......      100%        1    None
 Flame Tongue             Conj/Fire      #....        100%        1    None
 Freeze                   Ice            #.....       100%        1    None
 Infusion                 Chrm           #.......     100%        1    None
 Magic Dart               Conj           #...         100%        1    None
 Sandblast                Erth           #.....       100%        1    None
 Slow                     Hex            #.......     100%        1    None
 Sting                    Conj/Pois      #...         100%        1    None
 Summon Butterflies       Summ           #.......     100%        1    None
 Blink                    Tloc           N/A          100%        2    ####...
 Call Imp                 Summ           #.....       100%        2    ####...
 Ensorcelled Hibernation  Hex/Ice        #.....       100%        2    ####...
 Flaming Arrows           Chrm/Fire      #.......     100%        2    ####...
 Passwall                 Tmut/Erth      #.......     100%        2    ####...
 Poisonous Vapours        Pois/Air       #.....       100%        2    ####...
 Searing Ray              Conj           #.......     100%        2    ####...
 Shackle                  Hex            #.......     100%        2    ####...
 Song of Slaying          Chrm           #.......     100%        2    ####...
 Sublimation of Blood     Necr           #.........   100%        2    ####...
 Swiftness                Chrm/Air       #.......     100%        2    ####...
 Beckoning                Tloc           #.........   100%        3    #####..
 Call Canine Familiar     Summ           #.......     100%        3    #####..
 Conjure Flame            Conj/Fire      #.......     100%        3    #####..
 False Image              Hex/Summ       #.......     100%        3    #####..
 Ignite Poison            Fire/Tmut/Pois #.......     100%        3    #####..
 Inner Flame              Hex/Fire       N/A          100%        3    #####..
 Iskenderun's Mystic Bla  Conj           #.......     100%        3    #####..
 Mephitic Cloud           Conj/Pois/Air  #.......     100%        3    #####..
 Ozocubu's Armour         Chrm/Ice       #.......     100%        3    #####..
 Regeneration             Chrm/Necr      #.........   100%        3    #####..
 Spectral Weapon          Hex/Chrm       #.......     100%        3    #####..
 Spider Form              Tmut/Pois      #..          100%        3    #####..
 Tukima's Dance           Hex            #.......     100%        3    #####..
 Cause Fear               Hex            #.........   100%        4    ######.
 Fulminant Prism          Conj/Hex       #.........   100%        4    ######.
 Olgreb's Toxic Radiance  Pois           #........    100%        4    ######.
 Petrify                  Tmut/Erth      #.........   100%        4    ######.
 Sticky Flame             Conj/Fire      #.......     100%        4    ######.
 Summon Ice Beast         Ice/Summ       #.......     100%        4    ######.
 Summon Scorpions         Summ/Pois      #.......     100%        4    ######.
 Tree Form                Hex/Tmut       N/A          100%        4    ######.
 Yara's Violent Unravell  Hex/Tmut       #.........   100%        4    ######.
 Bolt of Magma            Conj/Fire/Erth #.........   100%        5    #######
 Fireball                 Conj/Fire      #.........   100%        5    #######
 Freezing Cloud           Ice/Air        #.......     100%        5    #######
 Irradiate                Conj/Tmut      #.........   100%        5    #######
 Lee's Rapid Deconstruct  Erth           #.........   100%        5    #######
 Metabolic Englaciation   Hex/Ice        #.........   100%        5    #######
 Summon Mana Viper        Hex/Summ       #.......     100%        5    #######
 Venom Bolt               Conj/Pois      #.........   100%        5    #######
 Bolt of Cold             Conj/Ice       #.........   100%        6    #######
 Borgnjor's Vile Clutch   Necr/Erth      #.........   100%        6    #######
 Darkness                 Hex            #.........   100%        6    #######
 Deflect Missiles         Chrm/Air       #.........   100%        6    #######
 Infestation              Hex/Tmut/Pois  #........    100%        6    #######
 Invisibility             Hex            #.......     100%        6    #######
 Ozocubu's Refrigeration  Ice            #.........   100%        6    #######
 Simulacrum               Ice/Necr       #.......     100%        6    #######
 Statue Form              Tmut/Erth      #........    100%        6    #######
 Summon Hydra             Summ           #.........   100%        6    #######
 Virulence                Hex/Pois       #.......     100%        6    #######
 Dragon Form              Tmut           #......      100%        7    #######
 Icicle Burst             Conj/Ice       #.........   100%        7    #######
 Monstrous Menagerie      Summ           #.........   100%        7    #######
 Orb of Destruction       Conj           #.........   100%        7    #######
 Scorpion Form            Tmut/Pois      #.........   100%        7    #######
 Shadow Creatures         Summ           N/A          100%        7    #######
 Chain Lightning          Conj/Air       #.........   100%        8    #######
 Glaciate                 Conj/Ice/Air   #.........   100%        8    #######
 Lehudib's Crystal Spear  Conj/Erth      #.........   100%        8    #######
 Necromutation            Tmut/Necr      #.......     100%        8    #######
 Time Stop                Chrm/Tloc      N/A          100%        8    #######
 Fire Storm               Fire           #.........   100%        9    #######
 Passage of Golubria      Tloc           Unusable     N/A         5    N/A

Dungeon Overview and Level Annotations

Branches:
Dungeon (12/12)            Temple (1/1) D:5            Lair (6/6) D:9
  Swamp (3/3) Lair:3       Spider (3/3) Lair:2        Slime (0/5) Orc
    Orc (1/1) D:9          Vaults (3/3) D:11         Forest (3/3) Lair:5
  Crypt (0/2) Vaults:2     Depths (5/5) D:12            Zot (5/5) Depths:5

Altars:
Ashenzari
Cheibriados
Dithmenos
Elyvilon
Fedhas
Gozag
Kikubaaqudgha
Makhleb
Nemelex Xobeh
Okawaru
Qazlal
Ru
Trog
Uskayaw
Vehumet
Wu Jian
Xom
Yredelemnul
Zin
The Shining One
Jiyva

Shops:
D:8 [   D:11 *   Orc [}!:(   Vaults:1 (   Depths:2 (   Depths:5 [

Portals:
Hell: Depths:1 Depths:2 Depths:3 Depths:4 Depths:5
Abyss: Depths:2 Depths:4
Pandemonium: Depths:1 Depths:2 Depths:3 Depths:4
Ziggurat: Depths:3

Annotations:
D:10 Nergalle
Lair:1 exclusion: hydra
Lair:5 exclusion: oklob plant
Swamp:3 2 transporters, Anmu's ghost, adept FrCj
Spider:1 exclusion: orange crystal statue
Spider:2 exclusions: downstairs and orange crystal statue
Spider:3 1 runed translucent door, exclusions: door and 1 more exclusion, polpettosauro's ghost, adept GnMo


Innate Abilities, Weirdness & Mutations

You revert to your normal form in water.
You are very nimble and swift while swimming.
You are very stealthy in the water. (Stealth+)
You have a pair of small horns on your head.
You possess an exceptional clarity of mind.
You are weak. (Str -2)


Message History

A rune on the stairs sparks and fizzles.
You climb upwards.
There is a stone staircase leading down here.
There is a stone staircase leading up here.
You climb upwards.
There is a stone staircase leading down here.
There is an escape hatch in the ceiling here.
There is a stone staircase leading up here.
You climb upwards.
An ice devil and a gelid demonspawn come into view.
There is a stone staircase leading down here.
You feel yourself speed up.
Your legs become a tail as you enter the water.
Your +2 pair of boots of running melds into your body.
Your +2 pair of boots of running unmelds from your body.
You feel quick.
There is a fountain of clear blue water here.
There is a staircase leading out of the dungeon here.
The power of the Orb breaks the dimensional shunt like a soap bubble!
You have escaped!

..## >..## ....#############
.....#..........# ###
.....6......≈.#.# ##≈##
.[...#.###4≈♣≈#.###≈♣≈###########
....##.###≈♣⌠♣≈≈≈≈≈♣⌠♣≈..........
...........≈♣.......♣≈...####....
..####.##...≈...@...≈............
..# #.###.≈♣........≈...........
..# #.#.#≈♣⌠♣≈≈≈≈≈.⌠.≈....###...
..####..[..≈♣≈###..≈.≈...#.# #..#
...........#≈.# #...≈....#.# ##.#
......[....##.# #........#.# #.#
#.####....###.# #.###.####.# #.#
#.# #....# #.###.###.# #.# #.#
#.# #....###.##...##.## #.# #.#


You could see an ice devil.

Vanquished Creatures
  2 juggernauts
  4 orbs of fire
  Xtahua (Vaults:2)
  11 ancient liches (Zot:5)
  the Enchantress (Forest:3)
  the Lernaean hydra (Swamp:3)
  10 golden dragons
  5 Killer Klowns
  A caustic shrike (Forest:3)
  2 pandemonium lords
  Arachne (Spider:3)
  2 curse toes
  4 rockslimes
  4 electric golems
  An Orb Demon (Zot:4)
  3 Shadow Fiends
  16 tentacled monstrosities
  32 Orb Guardians
  A Hell Sentinel (Depths:2)
  6 wendigos
  A lich (Depths:1)
  12 quicksilver dragons
  3 titans
  An Executioner (D:5)
  6 death cobs
  17 storm dragons
  6 sphinxes
  6 thorn hunters
  A ghoul (Vaults:2)
  3 shadow dragons
  4 draconian monks
  17 frost giants
  9 tengu reavers
  3 war gargoyles (Vaults:2)
  An apis (Forest:1)
  4 draconian knights
  3 deep elf sorcerers
  11 vault wardens
  3 ghost moths
  17 fire giants
  2 orc warlords
  Aizul (Spider:3)
  6 draconian stormcallers
  4 emperor scorpions (Spider:3)
  2 eyes of devastation
  13 ironheart preservers
  25 stone giants
  7 draconian shifters
  3 draconian annihilators
  28 very ugly things
  6 draconian scorchers
  3 jiangshi (Depths:2)
  13 spriggan defenders
  An elemental wellspring (Forest:1)
  10 black draconians
  6 green draconians
  A vampire knight (Depths:3)
  11 purple draconians
  2 entropy weavers
  A deep elf annihilator (Vaults:3)
  7 red draconians
  A deep elf demonologist (Depths:4)
  14 spark wasps
  10 dire elephants
  12 yellow draconians
  7 white draconians
  A merfolk javelineer (Depths:1)
  A crystal guardian (Vaults:2)
  A green death (Depths:3)
  2 deep elf death magi
  11 ettins
  9 fire dragons
  2 deep elf high priests
  Fannar (D:10)
  14 yaktaur captains
  Erolcha (Orc)
  2 hell beasts
  6 rakshasas
  A monstrous demonspawn (Depths:4)
  20 hydras
  9 vault guards
  9 spriggan air magi
  14 ice dragons
  A quicksilver dragon skeleton (Depths:4)
  A death knight (Vaults:1)
  A shadow wraith (Vaults:1)
  Psyche (D:9)
  4 shambling mangroves
  5 catoblepae
  21 great orbs of eyes
  A ghost crab (Swamp:3)
  6 anacondas
  13 two-headed ogres
  2 tengu warriors
  5 ogre magi
  A hydra (shapeshifter) (Vaults:2)
  11 alligators
  5 dancing weapons
  2 satyrs (Forest:3)
  25 death yaks
  A sea snake (shapeshifter) (Vaults:2)
  10 deep troll earth magi
  4 vampire magi
  9 deep troll shamans
  6 spriggan berserkers
  An orc high priest (Orc)
  3 ironheart beastmasters
  A titan zombie (Depths:4)
  A sun demon (Depths:3)
  16 deep trolls
  4 deep elf knights
  A skeletal warrior (Vaults:2)
  4 iron trolls
  10 centaur warriors
  A deep troll (shapeshifter) (Depths:3)
  A fire crab (shapeshifter) (Vaults:1)
  3 large abominations (Depths:2)
  20 hell knights
  7 swamp dragons (Swamp:3)
  8 unseen horrors
  4 spriggan druids
  8 glowing orange brains
  A death drake (Swamp:2)
  An infernal demonspawn (Depths:3)
  2 salamander mystics
  A torturous demonspawn (Depths:4)
  3 flayed ghosts
  A phantasmal warrior (Vaults:3)
  10 wizards
  3 deep elf archers
  4 necromancers
  7 ironheart convokers
  5 orc knights
  3 cyclopes
  11 deep elf magi
  10 orc sorcerers (Orc)
  2 obsidian statues (Zot:1)
  22 wolf spiders
  A tengu skeleton (Depths:4)
  A frost giant zombie (Vaults:1)
  A human zombie (Vaults:2)
  5 manticores
  7 oklob plants
  4 fauns (Forest:3)
  A manticore (shapeshifter) (Vaults:3)
  14 orb spiders
  39 slime creatures
  2 salamanders (shapeshifter)
  26 ugly things
  21 moths of wrath
  9 salamanders
  18 will-o'-wisps
  4 black mambas
  Joseph (D:9)
  3 rust devils
  3 torpor snails
  4 water nymphs
  11 vault sentinels
  2 orange demons
  3 smoke demons
  2 gargoyles
  3 ice statues (IceCv)
  A rime drake (Orc)
  16 cane toads
  7 komodo dragons
  A yaktaur zombie (Vaults:1)
  23 jumping spiders
  A rime drake (shapeshifter) (Depths:4)
  3 hellions
  4 freezing wraiths
  7 demonic crawlers
  A yaktaur skeleton (Vaults:1)
  A yaktaur (shapeshifter) (Depths:3)
  4 ice devils
  38 yaktaurs
  2 eyes of draining
  An efreet (D:12)
  4 tengu conjurers
  4 meliai
  7 red devils
  4 hellwings
  A merfolk (shapeshifter) (D:12)
  A queen bee (shapeshifter) (Vaults:3)
  A troll (shapeshifter) (Depths:1)
  8 trolls
  A meliai (shapeshifter) (Depths:2)
  4 tyrant leeches
  17 hippogriffs
  29 hornets
  16 blink frogs
  A wind drake (shapeshifter) (Depths:4)
  5 dream sheep (Lair:5)
  14 bog bodies
  2 meliai zombies
  A dream sheep (shapeshifter) (Vaults:3)
  2 ettin zombies (Vaults:2)
  2 hippogriffs (shapeshifter)
  A vampire (D:11)
  2 wraiths (Vaults:2)
  A spriggan (shapeshifter) (Depths:4)
  21 spriggans
  A wyvern (D:9)
  2 tarantellas (shapeshifter)
  25 water elementals
  15 tarantellas
  48 yaks
  A human (D:8)
  3 hogs (D:8)
  4 small abominations (Depths:2)
  A basilisk (shapeshifter) (Vaults:2)
  2 steam dragons
  2 hungry ghosts
  3 basilisks
  A redback (shapeshifter) (Vaults:3)
  3 vampire mosquitoes (Swamp:2)
  4 chaos spawn (Depths:2)
  37 redbacks
  A swamp worm (shapeshifter) (Depths:5)
  A neqoxec (Depths:4)
  5 wargs
  A yaktaur simulacrum (Vaults:1)
  11 crocodiles
  22 swamp worms
  5 water moccasins
  3 hell hounds (Depths:4)
  12 swamp drakes
  13 porcupines
  34 orc warriors
  3 sky beasts
  A soldier ant (D:10)
  8 ice beasts
  A necrophage (D:9)
  2 ettin simulacra (Vaults:1)
  5 boggarts
  20 ogres
  17 bullfrogs
  A kobold brigand (D:8)
  Blork the orc (D:4)
  A gnoll sergeant (D:11)
  16 centaurs
  A centaur (shapeshifter) (Vaults:3)
  A glowing shapeshifter simulacrum (Vaults:2)
  5 scorpions
  A killer bee (shapeshifter) (Depths:3)
  A scorpion (shapeshifter) (Depths:1)
  4 killer bees (D:11)
  25 wights
  2 howler monkeys
  19 orc priests
  3 electric eels (D:9)
  7 crimson imps
  4 quasits (Depths:3)
  4 hounds
  4 bullfrog skeletons
  5 jellies
  4 iguanas
  Ijyb (D:4)
  36 orc wizards
  2 lightning spires (Zot:1)
  8 worker ants
  2 killer bee zombies (D:6)
  2 hound zombies (D:6)
  3 hound skeletons
  13 mummies (Ossuary)
  3 worker ant zombies
  13 adders
  10 gnolls
  A river rat (D:6)
  5 shadow imps
  A white imp (Depths:3)
  2 ufetubi (Depths:3)
  2 oozes
  2 adder skeletons (D:6)
  An adder zombie (D:6)
  8 worms
  A worm (shapeshifter) (Depths:1)
  A dart slug (D:2)
  3 leopard geckos
  86 orcs
  19 bats
  5 giant cockroaches
  6 goblins
  6 hobgoblins
  11 jackals
  5 quokkas
  4 ball pythons
  A ball python skeleton (D:4)
  10 frilled lizards
  A gnoll skeleton (Ossuary)
  14 kobolds
  6 kobold skeletons (Ossuary)
  An orc skeleton (Ossuary)
  8 rats
  11 rat skeletons (Ossuary)
  2 briar patches
  4 plants
2040 creatures vanquished.

Vanquished Creatures (collateral kills)
  An ancient lich (Zot:5)
  An Orb Guardian (Zot:5)
  A purple draconian (Zot:4)
  A satyr (Forest:3)
  A deep elf knight (Vaults:1)
  A moth of wrath (Zot:4)
  3 will-o'-wisps (Forest:3)
  A rime drake (Orc)
10 creatures vanquished.

Vanquished Creatures (others)
  A lich (Depths:1)
  A wendigo (Depths:4)
  A death cob (Zot:5)
  A draconian knight (Zot:3)
  2 fire giants
  2 stone giants (Depths:1)
  A very ugly thing (Depths:4)
  A yellow draconian (Zot:5)
  4 yaktaur captains
  22 vault guards (Vaults:3)
  2 satyrs
  3 centaur warriors
  2 phantasmal warriors (Vaults:3)
  A will-o'-wisp (Forest:3)
  A moth of wrath (Zot:5)
  A water nymph (Forest:1)
  A vault sentinel (Vaults:2)
  6 yaktaurs
  2 hornets (Forest:1)
  A slime creature (Swamp:2)
  A water elemental (Depths:1)
  A neqoxec (Depths:2)
  4 boggarts (Swamp:2)
  An orc wizard (Orc)
  An orc (D:9)
  A goblin (D:10)
  19 fungi
  154 plants
  4 toadstools (D:1)
242 creatures vanquished.

Grand Total: 2292 creatures vanquished

Notes
Turn   | Place    | Note
-------+----------+-------------------------------------------
     0 | D:1      | TheWayOfAllFlesh the Merfolk Gladiator began the quest for
                  | the Orb.
     0 | D:1      | Reached XP level 1. HP: 18/18 MP: 1/1
   119 | D:1      | Reached XP level 2. HP: 24/24 MP: 2/2
   307 | D:1      | Reached XP level 3. HP: 29/29 MP: 3/3
   641 | D:1      | Reached skill level 5 in Dodging
   786 | D:2      | Reached skill level 5 in Polearms
   891 | D:2      | Reached XP level 4. HP: 32/37 MP: 4/4
  1130 | D:2      | Reached skill level 6 in Dodging
  1130 | D:2      | Reached XP level 5. HP: 42/42 MP: 5/5
  1189 | D:2      | Found a stormy altar of Qazlal.
  1189 | D:2      | Found an ancient bone altar of Kikubaaqudgha.
  1554 | D:2      | Found a snail-covered altar of Cheibriados.
  1561 | D:2      | Found a sparkling altar of Nemelex Xobeh.
  1709 | D:3      | Found a shattered altar of Ashenzari.
  2268 | D:3      | Reached XP level 6. HP: 43/49 MP: 4/6
  2487 | D:4      | Reached skill level 7 in Dodging
  2519 | D:4      | Found a white marble altar of Elyvilon.
  2520 | D:4      | Found a burning altar of Makhleb.
  2697 | D:4      | Noticed Ijyb
  2722 | D:4      | Killed Ijyb
  2885 | D:4      | Reached skill level 5 in Fighting
  2936 | D:4      | Reached XP level 7. HP: 56/56 MP: 7/7
  3078 | D:4      | Found a blossoming altar of Fedhas.
  3120 | D:4      | Noticed Blork the orc
  3142 | D:4      | Killed Blork the orc
  3143 | D:4      | Reached skill level 8 in Dodging
  3340 | D:5      | Entered Level 5 of the Dungeon
  3374 | D:5      | Found a staircase to the Ecumenical Temple.
  3389 | Temple   | Entered the Ecumenical Temple
  3395 | Temple   | Became a worshipper of Warmaster Okawaru
  3547 | D:5      | Found an ornate altar of the Wu Jian Council.
  3763 | D:5      | Reached skill level 1 in Invocations
  4052 | D:5      | Reached * piety under Okawaru
  4053 | D:5      | Reached skill level 9 in Dodging
  4053 | D:5      | Reached XP level 8. HP: 64/64 MP: 9/9
  4227 | D:6      | Found a glowing drain.
  4231 | Sewer    | Entered a sewer
  4640 | D:6      | Noticed a hippogriff
  4661 | D:6      | Killed a hippogriff
  4840 | D:6      | Found a sand-covered staircase.
  4853 | Ossuary  | Entered an ossuary
  5025 | Ossuary  | Reached ** piety under Okawaru
  5048 | Ossuary  | Reached skill level 10 in Dodging
  5759 | D:7      | Reached XP level 9. HP: 62/71 MP: 11/11
  5929 | D:7      | Got an ominously black robe
  6005 | D:7      | Reached skill level 11 in Dodging
  6416 | D:7      | Reached *** piety under Okawaru
  6617 | D:8      | Found a shimmering altar of Xom.
  6653 | D:8      | Found Kypluimn's Armour Boutique.
  6923 | D:8      | Noticed a gargoyle
  6938 | D:8      | Killed a gargoyle
  6939 | D:8      | Reached skill level 5 in Invocations
  7004 | D:8      | Reached skill level 10 in Polearms
  7004 | D:8      | Reached skill level 12 in Dodging
  7128 | D:8      | Reached XP level 10. HP: 78/80 MP: 10/14
  7492 | D:8      | Noticed a two-headed ogre
  7504 | D:8      | Killed a two-headed ogre
  7504 | D:8      | Reached **** piety under Okawaru
  7814 | D:8      | kek
  7874 | D:8      | Reached skill level 13 in Dodging
  8115 | D:9      | Found a sacrificial altar of Ru.
  8203 | D:9      | Noticed Joseph
  8227 | D:9      | Killed Joseph
  8227 | D:9      | Reached ***** piety under Okawaru
  8496 | D:9      | Reached XP level 11. HP: 87/87 MP: 16/16
  8631 | D:9      | Noticed Maurice
  8821 | D:9      | Noticed Maurice
  8821 | D:9      | Maurice changed into Maurice the wyvern
  8824 | D:9      | Killed Maurice the wyvern
  8978 | D:9      | Found a staircase to the Lair.
  9106 | D:9      | Reached skill level 14 in Dodging
  9114 | D:10     | Entered Level 10 of the Dungeon
  9142 | D:10     | Noticed Nergalle
  9192 | D:10     | Noticed a white ugly thing
  9256 | D:10     | Killed a white ugly thing
  9256 | D:10     | Received a gift from Okawaru
  9375 | D:10     | Found a flagged portal.
  9377 | D:10     | Noticed Fannar
  9400 | D:10     | Killed Fannar
  9408 | Bailey   | Entered a bailey
  9409 | Bailey   | Noticed an orc knight
  9572 | Bailey   | Noticed an orc knight
  9583 | Bailey   | Noticed an orc knight
  9590 | Bailey   | Killed an orc knight
  9703 | Bailey   | Killed an orc knight
  9800 | Bailey   | Killed an orc knight
  9991 | D:10     | Found a glowing golden altar of the Shining One.
 10007 | D:10     | Noticed a salamander
 10007 | D:10     | a tarantella changed into a salamander
 10023 | D:10     | Killed a salamander
 10024 | D:10     | Reached skill level 15 in Dodging
 10141 | D:10     | Noticed a cyan ugly thing
 10150 | D:10     | Killed a cyan ugly thing
 10151 | D:10     | Reached XP level 12. HP: 70/97 MP: 16/18
 10619 | D:10     | Noticed a six-headed hydra
 10655 | D:10     | hydra just beyond that door!
 10773 | D:9      | Noticed Psyche
 10924 | D:9      | Killed Psyche
 11071 | D:9      | Received a gift from Okawaru
 11074 | D:9      | Got a crude scarf {god gift}
 11076 | D:9      | Identified the scarf of Mirchog {clouds, +Blink Int+5
                  | Dex+4} (Okawaru gifted it to you on level 9 of the Dungeon)
 11121 | D:9      | Reached skill level 10 in Fighting
 11127 | D:9      | Found a staircase to the Orcish Mines.
 11394 | Lair:1   | Entered Level 1 of the Lair of Beasts
 11575 | Lair:1   | Reached skill level 15 in Polearms
 12032 | Lair:1   | Noticed a seven-headed hydra
 12550 | Lair:2   | Found a hole to the Spider Nest.
 12598 | Lair:2   | Reached skill level 16 in Dodging
 12898 | Lair:3   | Reached XP level 13. HP: 80/104 MP: 20/20
 13155 | Lair:3   | Received a gift from Okawaru
 13158 | Lair:3   | Got a crystal halberd {god gift}
 13422 | Lair:3   | Identified the +0 halberd of Uptyhok {chop, rElec Int+2}
                  | (Okawaru gifted it to you on level 3 of the Lair of Beasts)
 13573 | Lair:3   | Found a staircase to the Swamp.
 14158 | Lair:4   | Reached skill level 10 in Invocations
 14278 | Lair:4   | Reached ****** piety under Okawaru
 15127 | Lair:5   | Got a smoking leather armour
 15371 | Lair:5   | Found a staircase to the Spriggan Forest.
 15379 | Lair:5   | Identified the +4 leather armour of the Vaults {Int+2} (You
                  | found it on level 5 of the Lair of Beasts)
 16015 | Forest:1 | Entered Level 1 of the Spriggan Forest
 16015 | Forest:1 | Noticed a spriggan defender
 16015 | Forest:1 | Noticed an elemental wellspring
 16023 | Lair:5   | HP: 5/107 [spriggan defender/+3 lajatang of protection
                  | (24)]
 16030 | Lair:5   | Killed a spriggan defender
 16034 | Lair:5   | Reached XP level 14. HP: 39/114 MP: 14/22
 16308 | Lair:6   | Entered Level 6 of the Lair of Beasts
 16318 | Lair:6   | Reached skill level 17 in Dodging
 16327 | Lair:6   | Received a gift from Okawaru
 16329 | Lair:6   | Found a shadowy altar of Dithmenos.
 16376 | Lair:6   | Got a masterwork buckler {god gift}
 16599 | Lair:6   | Found a dark tunnel.
 16604 | Volcano  | Entered a volcano
 17202 | Lair:5   | Found a staircase to the Spriggan Forest.
 17942 | Lair:6   | Reached skill level 1 in Armour
 17959 | Lair:6   | Received a gift from Okawaru
 19112 | D:11     | Received a gift from Okawaru
 19113 | D:11     | Got a distressingly furry chain mail {god gift}
 19251 | D:11     | Identified the +1 chain mail "Oleapt" {rElec Int+7}
                  | (Okawaru gifted it to you on level 11 of the Dungeon)
 19284 | D:11     | Reached XP level 15. HP: 122/122 MP: 23/23
 19305 | D:11     | Found Oshreakh's Assorted Antiques.
 19347 | D:11     | Bought a potion of heal wounds for 145 gold pieces
 19347 | D:11     | Bought a scroll of fog for 58 gold pieces
 19347 | D:11     | Bought a scroll of blinking for 217 gold pieces
 19347 | D:11     | Bought a potion of might for 116 gold pieces
 19347 | D:11     | Bought a scroll of identify for 58 gold pieces
 19347 | D:11     | Bought a scroll of identify for 58 gold pieces
 19347 | D:11     | Bought a scroll of identify for 58 gold pieces
 19592 | D:11     | Found a gate to the Vaults.
 20154 | D:11     | Reached skill level 18 in Dodging
 20345 | D:12     | Entered Level 12 of the Dungeon
 20418 | D:12     | Found a staircase to the Depths.
 21378 | Orc      | Entered the Orcish Mines
 21490 | Orc      | Received a gift from Okawaru
 21539 | Orc      | Found a viscous altar of Jiyva.
 21540 | Orc      | Found a staircase to the Slime Pits.
 21553 | Orc      | Found a frozen archway.
 21675 | IceCv    | Entered an ice cave
 21898 | IceCv    | Found the +8 lance "Wyrmbane" {slay drac, rPois rF+ rC+}
 21915 | IceCv    | Got shimmering ice dragon scales
 21916 | IceCv    | Identified the +7 ice dragon scales of Leaduhe {rF- rC++
                  | Regen+} (You found it in an ice cave)
 22045 | Orc      | Found Nyhec's Weapon Emporium.
 22415 | Lair:6   | Identified the -5 buckler of the World {rPois Int+4}
                  | (Okawaru gifted it to you on level 6 of the Lair of Beasts)
 22852 | Swamp:1  | Entered Level 1 of the Swamp
 22976 | Swamp:1  | Reached skill level 1 in Shields
 23112 | Swamp:1  | Reached XP level 16. HP: 116/131 MP: 19/25
 23333 | Swamp:1  | Received a gift from Okawaru
 23653 | Swamp:1  | Got an ancient flail
 24046 | Swamp:2  | Noticed a thorn hunter
 24678 | Swamp:3  | Entered Level 3 of the Swamp
 24755 | Swamp:3  | Found a transporter.
 24821 | Swamp:3  | Reached skill level 19 in Dodging
 24838 | Swamp:3  | Received a gift from Okawaru
 24886 | Swamp:3  | Noticed a thorn hunter
 24945 | Swamp:3  | Killed a thorn hunter
 25011 | Swamp:3  | Noticed the 27-headed Lernaean hydra
 25024 | Swamp:3  | Killed the 27-headed Lernaean hydra
 25025 | Swamp:3  | Reached skill level 5 in Shields
 25033 | Swamp:3  | Got a decaying rune of Zot
 25054 | Swamp:3  | Identified the +2 scale mail of Fedhas's Outrage {*Contam
                  | rCorr Str+4}
 25136 | Swamp:3  | Received a gift from Okawaru
 25201 | Swamp:3  | Identified the +3 morningstar "Goblinslayer" {freeze, rElec
                  | rC- Dex+5}
 25210 | Swamp:3  | Identified the +2 spear "Eserhupn" {protect, rElec rPois
                  | Str-5 Dex+7}
 25212 | Swamp:3  | Identified the +9 broad axe "Lehistrao" {chop, rElec rF+
                  | Str-5}
 25223 | Swamp:3  | Noticed Anmu's ghost (adept FrCj)
 25226 | Swamp:3  | Found a bloodstained altar of Trog.
 25243 | Swamp:3  | Noticed a thorn hunter
 25259 | Swamp:3  | Killed a thorn hunter
 25508 | Swamp:3  | Reached XP level 17. HP: 51/139 MP: 23/26
 25740 | Swamp:3  | Found a transporter.
 26002 | D:9      | Identified the cursed +0 robe of Decompression {*Slow rElec
                  | rC+ Int+3} (You found it on level 7 of the Dungeon)
 26568 | Orc      | Found Ysiegav's Gadget Boutique.
 26595 | Orc      | Found an ancient bone altar of Kikubaaqudgha.
 26659 | Orc      | Found Cekifuat's Distillery.
 26669 | Orc      | Noticed Erolcha
 26671 | Orc      | Bought a potion of haste for 150 gold pieces
 26671 | Orc      | Bought a potion of heal wounds for 75 gold pieces
 26671 | Orc      | Bought a potion of curing for 37 gold pieces
 26671 | Orc      | Bought 2 potions of heal wounds for 150 gold pieces
 26671 | Orc      | Bought a potion of agility for 60 gold pieces
 26689 | Orc      | Killed Erolcha
 26720 | Orc      | Found a radiant altar of Vehumet.
 26790 | Orc      | Found a roughly hewn altar of Beogh.
 26790 | Orc      | Found Beenoh's Antique Armour Shop.
 26923 | Orc      | Bought a pair of runed boots for 202 gold pieces
 26969 | Orc      | Found Diunuv's Book Shop.
 27457 | Spider:1 | Entered Level 1 of the Spider Nest
 27549 | Spider:1 | Reached skill level 15 in Fighting
 27580 | Spider:1 | Identified the +2 robe "Nonyaggi" {rElec rF- rN+ Slay+3}
 28178 | Spider:2 | Identified the +2 spear "Seof" {pierce, rC+ Str+4} (Okawaru
                  | gifted it to you on level 2 of the Spider Nest)
 28178 | Spider:2 | Received a gift from Okawaru
 28552 | Spider:2 | Reached skill level 20 in Dodging
 28913 | Spider:3 | Entered Level 3 of the Spider Nest
 29076 | Spider:3 | Found a runed translucent door.
 29076 | Spider:3 | Noticed polpettosauro's ghost (adept GnMo)
 29078 | Spider:3 | Noticed Aizul
 29098 | Spider:3 | Killed Aizul
 29514 | Spider:3 | Noticed Arachne
 29571 | Spider:3 | Identified a +1 pair of boots of running (Okawaru gifted it
                  | to you on level 3 of the Spider Nest)
 29571 | Spider:3 | Received a gift from Okawaru
 29600 | Spider:3 | Killed Arachne
 30080 | Spider:3 | Reached XP level 18. HP: 151/151 MP: 22/27
 30415 | Spider:3 | Got a gossamer rune of Zot
 30758 | Vaults:1 | Entered Level 1 of the Vaults
 30794 | Vaults:1 | Found Vuisk's Weapon Shop.
 31096 | Vaults:1 | Identified the +9 halberd of the Heavens {freeze, rPois MR+
                  | Int-3} (Okawaru gifted it to you on level 1 of the Vaults)
 31096 | Vaults:1 | Received a gift from Okawaru
 31323 | Vaults:1 | Reached skill level 21 in Dodging
 32132 | Vaults:1 | Reached skill level 10 in Shields
 32189 | Vaults:1 | Reached skill level 5 in Armour
 32655 | Vaults:2 | Found a flickering gateway to a bazaar.
 32667 | Bazaar   | Entered a bazaar
 32671 | Bazaar   | Found Jiwniec's Distillery.
 32699 | Bazaar   | Found Tuhoaliu's Armour Emporium.
 32719 | Bazaar   | Found Kouphun's Assorted Antiques.
 32729 | Bazaar   | Found Utifen's Book Shop.
 32743 | Bazaar   | Found Ytuishru's Assorted Antiques.
 32797 | Bazaar   | Bought a potion of cancellation for 140 gold pieces
 32817 | Bazaar   | Bought a scroll of fear for 180 gold pieces
 32817 | Bazaar   | Bought a potion of curing for 90 gold pieces
 32817 | Bazaar   | Bought a scroll of enchant armour for 270 gold pieces
 32860 | Bazaar   | Bought a potion of agility for 36 gold pieces
 32860 | Bazaar   | Bought a potion of heal wounds for 45 gold pieces
 32860 | Bazaar   | Bought a potion of haste for 90 gold pieces
 32860 | Bazaar   | Bought a potion of heal wounds for 45 gold pieces
 32860 | Bazaar   | Bought a potion of might for 36 gold pieces
 32860 | Bazaar   | Bought a potion of agility for 36 gold pieces
 32860 | Bazaar   | Bought a potion of might for 36 gold pieces
 32860 | Bazaar   | Bought 2 potions of magic for 90 gold pieces
 32860 | Bazaar   | Bought a potion of mutation for 72 gold pieces
 32977 | Vaults:2 | Identified the +0 pair of gloves of Ethics {rElec Int+4
                  | Dex-4} (Okawaru gifted it to you on level 2 of the Vaults)
 32977 | Vaults:2 | Received a gift from Okawaru
 33020 | Vaults:2 | Reached XP level 19. HP: 150/159 MP: 28/28
 33080 | Vaults:2 | Found a staircase to the Crypt.
 33782 | Vaults:2 | Identified the ring of Retsitsi {+Inv +Fly}
 34006 | Vaults:2 | Received a gift from Okawaru
 34396 | Vaults:2 | Reached skill level 1 in Evocations
 35276 | Vaults:3 | Entered Level 3 of the Vaults
 35375 | Depths:1 | Entered Level 1 of the Depths
 36182 | Forest:1 | Reached XP level 20. HP: 157/168 MP: 29/29
 36809 | Forest:2 | Received a gift from Okawaru
 36810 | Forest:2 | Reached skill level 22 in Dodging
 38371 | Forest:3 | Entered Level 3 of the Spriggan Forest
 39040 | Forest:3 | Reached skill level 5 in Evocations
 39167 | Forest:3 | Identified the Disquisition on Stones
 39205 | Forest:3 | Found the +10 sword of Jihad {holy, *Rage rN+ EV+3}
 39217 | Forest:3 | Identified the ring of Otuiroj {rElec SInv}
 39239 | Forest:3 | Identified the cursed +0 robe of Soft Leaves {Regen+}
 39288 | Forest:3 | Identified the +4 faerie dragon scales {rPois Regen+ rCorr
                  | Dex+3 SInv}
 39288 | Forest:3 | Noticed the Enchantress
 39312 | Forest:3 | Killed the Enchantress
 39312 | Forest:3 | Identified the +0 medium shield "Uphyffuzuess" {Str+3}
                  | (Okawaru gifted it to you on level 3 of the Spriggan
                  | Forest)
 39312 | Forest:3 | Received a gift from Okawaru
 39504 | Forest:3 | Identified the Volume of Snow and Ignition
 39508 | Forest:3 | Identified the Almanac of the Frigorific Mountains
 39534 | Forest:3 | Identified a scroll of acquirement
 39549 | Forest:3 | Identified the cursed +0 quarterstaff of Earthquakes
                  | {crush, rElec rPois Str+3}
 39549 | Forest:3 | Identified the ring of Godece Zixzo {*Slow +Blink rF+
                  | Str+4}
 39571 | Forest:3 | Noticed a caustic shrike
 39836 | Forest:3 | Killed a caustic shrike
 40861 | Depths:1 | Found a portal to a secret trove of treasure.
 41163 | Depths:1 | Identified the ring of Raeshod {rElec rF+ rN+}
 41252 | Depths:1 | Reached XP level 21. HP: 177/177 MP: 30/30
 41384 | Depths:1 | Found a gateway to Hell.
 41989 | Depths:1 | Identified the ring of Dofib {MR+ AC+3 Str+4 Dex+4}
 42083 | Depths:1 | Noticed a juggernaut
 42110 | Depths:1 | Reached skill level 23 in Dodging
 42160 | Depths:1 | Killed a juggernaut
 42305 | Depths:1 | Received a gift from Okawaru
 42314 | Depths:1 | Identified the +11 hand axe of Xush {freeze, rPois Dex-4
                  | Stlth+}
 42662 | Depths:1 | Received a gift from Okawaru
 43289 | Depths:1 | Found a one-way gate leading to the halls of Pandemonium.
 43433 | Depths:2 | Found Neng's Weapon Emporium.
 43788 | Depths:2 | Reached XP level 22. HP: 187/187 MP: 31/31
 44862 | Depths:2 | Reached skill level 24 in Dodging
 44894 | Depths:2 | Found a one-way gate to the infinite horrors of the Abyss.
 45141 | Depths:3 | Identified the +7 large shield of Entitlement {+Inv Dex+3}
                  | (Okawaru gifted it to you on level 3 of the Depths)
 45141 | Depths:3 | Received a gift from Okawaru
 45360 | Depths:3 | Found a gateway to a ziggurat.
 45378 | Depths:3 | Noticed a rockslime
 45407 | Depths:3 | Killed a rockslime
 46458 | Depths:3 | Reached XP level 23. HP: 196/196 MP: 32/32
 47020 | Depths:4 | Received a gift from Okawaru
 47220 | Depths:4 | Noticed a juggernaut
 47259 | Depths:4 | Noticed a golden dragon
 47274 | Depths:4 | Killed a juggernaut
 47307 | Depths:4 | Killed a golden dragon
 47525 | Depths:4 | Noticed a Killer Klown
 47590 | Depths:3 | Killed a Killer Klown
 47590 | Depths:3 | Received a gift from Okawaru
 47849 | Depths:3 | Reached skill level 15 in Shields
 47976 | Depths:4 | Reached skill level 25 in Dodging
 48709 | Depths:4 | Reached XP level 24. HP: 206/206 MP: 26/32
 49158 | Depths:4 | Received a gift from Okawaru
 49249 | Depths:5 | Entered Level 5 of the Depths
 49500 | Depths:5 | Found Ciastrirgh's Antique Armour Boutique.
 49647 | Depths:5 | Noticed a golden dragon
 49665 | Depths:5 | Killed a golden dragon
 49705 | Depths:5 | Identified the +7 chain mail "Keyxu" {*Contam Regen+ Int+7
                  | Slay+3}
 49762 | Depths:5 | Received a gift from Okawaru
 49821 | Depths:5 | Found a gate to the Realm of Zot.
 50742 | Vaults:3 | Noticed Xtahua
 50809 | Vaults:2 | Killed Xtahua
 50810 | Vaults:2 | Found the +6 fire dragon scales of Xtahua {rF+++ rC- MR+}
 50810 | Vaults:2 | Identified the +6 scale mail of Okawaru's Displeasure
                  | {rElec SInv} (Okawaru gifted it to you on level 2 of the
                  | Vaults)
 50810 | Vaults:2 | Received a gift from Okawaru
 51226 | Vaults:2 | Reached skill level 10 in Armour
 51301 | Vaults:3 | Reached XP level 25. HP: 214/214 MP: 1/32
 51586 | D:11     | Bought a scroll of enchant armour for 217 gold pieces
 52160 | Vaults:3 | Reached skill level 26 in Dodging
 52464 | Vaults:3 | Identified the cursed ring "Afyosecs" {*Tele rC+ Dex+4}
 52806 | Vaults:3 | Received a gift from Okawaru
 52849 | Vaults:3 | Identified the ring "Qoylushreej" {rN++ Int-2 Stlth--}
 53021 | Vaults:3 | Got a silver rune of Zot
 53681 | Depths:1 | You paid a toll of a +7 plate armour to enter a treasure
                  | trove
 53682 | Trove    | Entered a treasure trove
 53720 | Trove    | Found the +8 trident of the Octopus King {venom, rElec
                  | rPois MR+}
 53725 | Trove    | Identified the +12 quarterstaff of Ybiuleph {crush, -Tele
                  | rElec rN++ Str+4}
 53736 | Trove    | Identified the +4 short sword "Ogrebane" {flame, Int+2}
 54245 | Zot:1    | Entered Level 1 of the Realm of Zot
 54749 | Zot:1    | Identified the +0 hat of Distant Worlds {rF- Regen+ Slay+3
                  | Stlth+} (Okawaru gifted it to you on level 1 of the Realm
                  | of Zot)
 54749 | Zot:1    | Received a gift from Okawaru
 55308 | Zot:1    | Reached XP level 26. HP: 218/224 MP: 32/32
 55443 | Zot:2    | Reached XP level 27. HP: 192/231 MP: 26/32
 55731 | Zot:2    | Identified the +10 flail of Lecruv {elec, rC+ Int+9}
 55968 | Zot:3    | Noticed a golden dragon
 55977 | Zot:3    | Killed a golden dragon
 55977 | Zot:3    | Identified the +3 medium shield of the Fabulous Grue {rElec
                  | rN+ Str+5 Int-4} (Okawaru gifted it to you on level 3 of
                  | the Realm of Zot)
 55977 | Zot:3    | Received a gift from Okawaru
 56234 | Zot:3    | Noticed a Killer Klown
 56284 | Zot:3    | Killed a Killer Klown
 56451 | Zot:3    | Noticed a golden dragon
 56456 | Zot:3    | Killed a golden dragon
 57230 | Zot:4    | Reached skill level 27 in Dodging
 57368 | Zot:4    | Noticed a golden dragon
 57375 | Zot:4    | Noticed a golden dragon
 57386 | Zot:4    | Killed a golden dragon
 57421 | Zot:4    | Killed a golden dragon
 57438 | Zot:4    | Identified the +6 demon trident of Infinite Pain {elec,
                  | rN+++ Str+5 Int-2} (Okawaru gifted it to you on level 4 of
                  | the Realm of Zot)
 57438 | Zot:4    | Received a gift from Okawaru
 57735 | Zot:4    | Noticed a golden dragon
 57750 | Zot:4    | Killed a golden dragon
 57837 | Zot:4    | Noticed a golden dragon
 57857 | Zot:4    | Killed a golden dragon
 57872 | Zot:4    | Noticed an orb of fire
 57872 | Zot:4    | Noticed a golden dragon
 57888 | Zot:4    | Killed an orb of fire
 57889 | Zot:4    | Noticed a golden dragon
 57894 | Zot:4    | Received a gift from Okawaru
 57900 | Zot:4    | Killed a golden dragon
 57916 | Zot:4    | Killed a golden dragon
 58462 | Zot:5    | Entered Level 5 of the Realm of Zot
 58577 | Zot:5    | Noticed a Killer Klown
 58601 | Zot:5    | Killed a Killer Klown
 58829 | Zot:5    | Received a gift from Okawaru
 58852 | Zot:5    | Noticed an ancient lich
 58863 | Zot:5    | Killed an ancient lich
 59120 | Zot:5    | Noticed a Killer Klown
 59228 | Zot:5    | Killed a Killer Klown
 59257 | Zot:5    | Noticed an orb of fire
 59257 | Zot:5    | Noticed an ancient lich
 59288 | Zot:5    | Killed an ancient lich
 59376 | Zot:5    | Killed an orb of fire
 59450 | Zot:5    | Noticed an ancient lich
 59475 | Zot:5    | Noticed an orb of fire
 59492 | Zot:5    | Killed an orb of fire
 59493 | Zot:5    | Reached skill level 15 in Armour
 59527 | Zot:5    | Noticed an ancient lich
 59528 | Zot:5    | Noticed a Killer Klown
 59536 | Zot:5    | Killed an ancient lich
 59536 | Zot:5    | Received a gift from Okawaru
 59554 | Zot:5    | Killed an ancient lich
 59576 | Zot:5    | Killed a Killer Klown
 59582 | Zot:5    | Noticed an ancient lich
 59582 | Zot:5    | Noticed an ancient lich
 59609 | Zot:5    | Killed an ancient lich
 59618 | Zot:5    | Killed an ancient lich
 59645 | Zot:5    | Noticed an ancient lich
 59708 | Zot:5    | Killed an ancient lich
 59731 | Zot:5    | Was placed under penance by Okawaru
 59785 | Zot:5    | Noticed an ancient lich
 59788 | Zot:5    | Noticed an ancient lich
 59804 | Zot:5    | Killed an ancient lich
 59814 | Zot:5    | Killed an ancient lich
 59814 | Zot:5    | Was forgiven by Okawaru
 59842 | Zot:5    | Received a gift from Okawaru
 59873 | Zot:5    | Reached skill level 10 in Evocations
 60048 | Zot:5    | Noticed an ancient lich
 60061 | Zot:5    | Killed an ancient lich
 60064 | Zot:5    | Noticed an ancient lich
 60076 | Zot:5    | Killed an ancient lich
 60090 | Zot:5    | Identified the +2 trident "Nufunlet" {venom, MP+9 Int-3
                  | SInv} (Okawaru gifted it to you on level 5 of the Realm of
                  | Zot)
 60090 | Zot:5    | Received a gift from Okawaru
 60093 | Zot:5    | Noticed an ancient lich
 60108 | Zot:5    | Killed an ancient lich
 60194 | Zot:5    | Noticed an orb of fire
 60202 | Zot:5    | Gained mutation: You are weak. (Str -2) [an orb of fire]
 60208 | Zot:5    | Gained mutation: Potions are less effective at restoring
                  | your health. [an orb of fire]
 60217 | Zot:5    | Gained mutation: Scrolls take you a little longer to read.
                  | [an orb of fire]
 60220 | Zot:5    | Killed an orb of fire
 60959 | Zot:5    | Lost mutation: Scrolls take you a little longer to read.
                  | [potion of mutation]
 60959 | Zot:5    | Lost mutation: Potions are less effective at restoring your
                  | health. [potion of mutation]
 60959 | Zot:5    | Gained mutation: You have a pair of small horns on your
                  | head. [potion of mutation]
 60959 | Zot:5    | Gained mutation: You possess an exceptional clarity of
                  | mind. [potion of mutation]
 60995 | Zot:5    | Got the Orb of Zot
 61094 | Depths:4 | Noticed Daytaol the pandemonium lord
 61228 | Depths:2 | Noticed Zuot the pandemonium lord
 61240 | Depths:2 | Killed Zuot the pandemonium lord
 61453 | D:7      | Noticed Feckack the pandemonium lord
 61471 | D:7      | Killed Feckack the pandemonium lord
 61471 | D:7      | Received a gift from Okawaru
 61598 | D:$      | Escaped with the Orb!

Skill      XL: |  1  2  3  4  5  6  7  8  9 10 11 12 13 14 15 16 17 18 19 20 21 22 23 24 25 26 27 |
---------------+----------------------------------------------------------------------------------+-----
Dodging        | 5 6 7 9 10 12 13 15 16 17 18 19 20 21 22 23 24 25 26 27 | 27.0
Polearms       | 5 6 7 8 10 12 14 16 18 19 21 22 23 | 23.1
Fighting       | 4 5 6 7 8 9 10 11 12 13 14 15 16 17 18 19 20 21 24 | 24.2
Invocations    | 1 3 5 6 8 9 10 11 12 | 12.0
Armour         | 2 4 5 7 8 10 11 16 | 16.7
Shields        | 2 6 8 10 11 13 14 15 16 17 | 17.9
Evocations     | 3 5 7 11 | 11.4
Throwing       | |  2.0

Action                   |  1- 3 |  4- 6 |  7- 9 | 10-12 | 13-15 | 16-18 | 19-21 | 22-24 | 25-27 || total
-------------------------+-------+-------+-------+-------+-------+-------+-------+-------+-------++-------
Melee: Trident           |    84 |   231 |   499 |    15 |       |       |       |       |       ||   829
       Unarmed           |       |     8 |       |       |       |       |       |       |       ||     8
       Tailslap          |       |       |     2 |    20 |    20 |    77 |    87 |     7 |       ||   213
       Halberd           |       |       |       |   463 |       |       |       |       |       ||   463
       Glaive            |       |       |       |   246 |  1004 |       |       |       |       ||  1250
       Lance             |       |       |       |       |    73 |  2254 |  2240 |  2279 |  1967 ||  8813
       Headbutt          |       |       |       |       |       |       |       |       |    34 ||    34
Throw: Throwing net      |       |       |     2 |     1 |       |       |       |       |     6 ||     9
Invok: Heroism           |       |       |     2 |    16 |    21 |    24 |    24 |    18 |    26 ||   131
       Finesse           |       |       |       |       |     6 |     3 |     4 |     1 |    13 ||    27
Evoke: Wand              |       |       |     4 |     8 |       |     2 |     3 |     8 |    15 ||    40
       Lightning rod     |       |       |       |       |     1 |     8 |       |     1 |       ||    10
       Box of beasts     |       |       |       |       |     1 |       |       |       |       ||     1
       Sack of spiders   |       |       |       |       |       |     1 |       |       |       ||     1
       Lamp of fire      |       |       |       |       |       |       |       |     3 |     2 ||     5
  Use: Scroll            |     1 |     4 |     5 |    17 |     9 |     8 |     7 |     2 |    26 ||    79
       Potion            |       |       |       |       |     3 |     4 |     2 |       |    16 ||    25
 Stab: Sleeping          |     1 |     5 |     3 |    20 |     6 |       |     3 |     5 |    13 ||    56
       Distracted        |       |     1 |     2 |     2 |     1 |     2 |     6 |    10 |    13 ||    37
       Confused          |       |     2 |       |     2 |     2 |       |       |    15 |    12 ||    33
       Held in net/web   |       |       |       |     1 |       |       |       |       |    22 ||    23
       Petrified         |       |       |       |       |     2 |       |       |       |       ||     2
       Invisible         |       |       |       |       |       |       |       |       |     3 ||     3
  Eat: Chunk             |     2 |    13 |    20 |    35 |    51 |    46 |    49 |    50 |    25 ||   291
       Ration            |       |       |     1 |       |       |     3 |     4 |     3 |     9 ||    20
Armor: Leather armour    |    17 |    20 |       |       |       |       |       |       |       ||    37
       Ring mail         |       |     6 |    47 |    66 |    38 |       |       |       |       ||   157
       Scale mail        |       |       |    31 |    39 |    68 |       |       |       |       ||   138
       Ice dragon scales |       |       |       |       |    14 |   351 |   119 |       |       ||   484
       Acid dragon scale |       |       |       |       |       |       |    34 |    99 |   101 ||   234
       Skin              |       |       |       |       |       |       |       |       |    11 ||    11
Dodge: Dodged            |    43 |   130 |   266 |   636 |   970 |  1382 |   965 |  1079 |   899 ||  6370
Block: Buckler           |       |       |       |       |    18 |   650 |    97 |       |       ||   765
       Medium shield     |       |       |       |       |       |       |   846 |   299 |       ||  1145
       Reflection        |       |       |       |       |       |       |    71 |    13 |       ||    84
       Large shield      |       |       |       |       |       |       |       |  1651 |  1554 ||  3205
